 Dungeon Crawl Stone Soup version 0.28-a0-932-g843f935a50 (webtiles) character file.

Game seed: 168836044523201119

6818 oldriver the Thaumaturge (level 11, -11/79 HPs)
             Began as a Djinni Air Elementalist on Nov 28, 2021.
             Was a Believer of Makhleb.
             Mangled by a yak (13 damage)
             ... on level 1 of the Lair of Beasts.
             The game lasted 00:14:59 (11847 turns).

oldriver the Thaumaturge (Djinni Air Elementalist) Turns: 11847, Time: 00:15:00

Health: -11/79     AC:  6    Str:  7    XL:     11   Next: 25%
Gold:   452        EV: 12    Int: 20    God:    Makhleb [**....] SH:  0 Dex: 14

rFire   + + .      SeeInvis .   x - +2 whip (elec)
rCold   x . .      Faith    .   (no shield)
rNeg    . . .      Spirit   .   w - +0 steam dragon scales
rPois   ∞          Reflect  .   (no helmet)
rElec   .          Harm     .   f - +0 cloak
rCorr   .          Rampage  .   (no gloves)
Will    +....                   (boots unavailable)
Stlth   ++........              (no amulet)
HPRegen 0.23/turn               (no ring)
MPRegen 0.00/turn               (no ring)

@: flying
A: sickness immunity, fire resistance 2, cold vulnerability 1, float, innate
caster, hp casting, extra vitality 1
a: Renounce Religion, Minor Destruction


You were on level 1 of the Lair of Beasts.
You worshipped Makhleb.
Makhleb was pleased with you.
You visited 3 branches of the dungeon, and saw 11 of its levels.

You collected 452 gold pieces.

Inventory:

Hand Weapons
 x - a +2 whip of electrocution (weapon)
Missiles
 l - 2 throwing nets
Armour
 f - a +0 cloak (worn)
 w - +0 steam dragon scales (worn)
Magical Staves
 p - a staff of earth
 r - a staff of air
 A - a staff of death
Jewellery
 y - an amulet of faith
Wands
 D - a wand of flame (18)
Scrolls
 b - 4 scrolls of teleportation {unknown}
 c - 6 scrolls of identify {unknown}
 d - a scroll of enchant armour {unknown}
 e - 2 scrolls of fear {unknown}
 k - 3 scrolls of noise {unknown}
 o - 2 scrolls of acquirement {unknown}
 q - a scroll of summoning {unknown}
 u - a scroll of silence {unknown}
 v - 2 scrolls of magic mapping {unknown}
 B - a scroll of blinking {unknown}
Potions
 a - 4 potions of curing {unknown}
 g - 4 potions of brilliance {unknown}
 h - 3 potions of lignification {unknown}
 i - 2 potions of cancellation {unknown}
 j - 5 potions of flight
 m - 2 potions of might {unknown}
 n - a potion of magic {unknown}
 s - a potion of degeneration {unknown}
 t - a potion of berserk rage {unknown}
 z - a potion of mutation {unknown}
 C - a potion of attraction {unknown}


   Skills:
 * Level 7.5 Fighting
 - Level 2.2 Dodging
 - Level 1.6 Stealth
 + Level 11.6 Spellcasting


You had 10 spell levels left.
You knew the following spells:

 Your Spells              Type           Power      Damage    Failure   Level
a - Shock                 Conj/Air       100%       1d9       1%          1
b - Static Discharge      Conj/Air       55%        N/A       1%          2
c - Swiftness             Air            55%        N/A       1%          3
d - Airstrike             Air            27%        N/A       1%          4
e - Pain                  Necr           100%       1d9       1%          1
f - Passwall              Tmut/Erth      45%        N/A       1%          2
g - Frozen Ramparts       Ice            100%       1d12      1%          3
h - Teleport Other        Tloc           55%        N/A       1%          3
i - Petrify               Tmut/Erth      55%        N/A       1%          4
Your spell library was empty.

Dungeon Overview and Level Annotations

Branches:
Dungeon (9/15)             Temple (1/1) D:6            Lair (1/6) D:8
    Orc: D:9-12

Altars:
Ashenzari
Cheibriados
Dithmenos
Elyvilon
Fedhas
Gozag
Hepliaklqana
Kikubaaqudgha
Makhleb
Nemelex Xobeh
Okawaru
Qazlal
Ru
Sif Muna
Trog
Uskayaw
Vehumet
Wu Jian
Xom
Yredelemnul
Zin
The Shining One

Shops:
D:2 =   D:6 =   D:7 [


Innate Abilities, Weirdness & Mutations

You are immune to sickness and miasma.
You are immune to poison.
Your flesh is very heat resistant. (rF++)
You are vulnerable to cold. (rC-)
You float through the air rather than walking.
You learn spells naturally, not from books.
Your magical power is your life essence.
You have superior vitality. (+4 HP)


Message History

You kill the yak!
Makhleb accepts your kill.
Unknown command.
Casting: Airstrike (mildly dangerous; 1% risk of failure)
Confirm with . or Enter, or press ? or * to list all spells.
The yak is struck by an arc of lightning!
The yak is moderately wounded.
You are struck by an arc of lightning.
The lightning grounds out.
The yak gores you!
Unknown command.
Casting: Static Discharge (safe; 1% risk of failure)
Confirm with . or Enter, or press ? or * to list all spells.
The yak is struck by an arc of lightning.
The yak is heavily wounded.
You are struck by an arc of lightning.
The lightning grounds out.
The yak gores you!
* * * LOW HITPOINT WARNING * * *
Casting: Static Discharge (safe; 1% risk of failure)
Confirm with . or Enter, or press ? or * to list all spells.
The yak is struck by an arc of lightning!
The yak is severely wounded.
You are struck by an arc of lightning.
* * * LOW HITPOINT WARNING * * *
The yak is struck by an arc of lightning.
The yak is almost dead.
The lightning grounds out.
* * * LOW HITPOINT WARNING * * *
The yak gores you!
* * * LOW HITPOINT WARNING * * *
Casting: Static Discharge (safe; 1% risk of failure)
Confirm with . or Enter, or press ? or * to list all spells.
You don't have enough health to cast this spell.
Unknown command.
Casting: Static Discharge (safe; 1% risk of failure)
Confirm with . or Enter, or press ? or * to list all spells.
Okay, then.
It was a potion of flight.
You feel more buoyant. The yak gores you!
You die...

##...#
###....##
###.......##
.#..........#
............#
.........?..#
.#.........#
.......@...#
.......Y..##
...(.....##
...!.....#
.........#
........##
.....#...
#.##.####


You could see a yak.

Vanquished Creatures
  A two-headed ogre (D:9)
  An orange crystal statue (D:8)
  Pikel (D:7)
  A cyclops (D:9)
  Maggie (D:7)
  A kobold demonologist (D:9)
  A komodo dragon (D:8)
  A hornet (D:8)
  A wraith (D:9)
  6 yaks
  A steam dragon (D:9)
  Menkaure (D:7)
  3 water moccasins
  2 ice beasts
  A black bear (D:6)
  A centaur (D:8)
  2 ogres
  4 lemures (D:7)
  4 kobold brigands
  A bullfrog (D:7)
  5 scorpions
  A water moccasin skeleton (D:6)
  5 howler monkeys
  3 lava snakes (D:8)
  A bullfrog zombie (D:6)
  2 hounds (D:5)
  5 orc priests
  2 centaur skeletons
  A gnoll shaman (D:7)
  8 iguanas
  A scorpion zombie (D:5)
  An orc wizard (D:3)
  A killer bee zombie (D:7)
  2 howler monkey zombies
  9 gnolls
  3 adders
  2 white imps (D:6)
  An ufetubus (D:3)
  2 dart slugs (D:4)
  16 orcs
  9 ball pythons
  9 bats
  8 endoplasms
  A giant cockroach (D:2)
  3 hobgoblins
  5 jackals
  26 kobolds
  4 quokkas
  3 frilled lizards
  2 goblins
  4 rats
180 creatures vanquished.

Vanquished Creatures (others)
  41 plants
  7 withered plants (D:3)
48 creatures vanquished.

Grand Total: 228 creatures vanquished

Notes
Turn   | Place    | Note
-------+----------+-------------------------------------------
     0 | D:1      | oldriver the Djinni Air Elementalist began the quest for
                  | the Orb.
     0 | D:1      | Reached XP level 1. HP: 15/15 MP: 0/0
   224 | D:1      | Reached XP level 2. HP: 18/21 MP: 0/0
  1101 | D:2      | Found a blossoming altar of Fedhas.
  1122 | D:2      | Found Digucwes's Jewellery Shop.
  1236 | D:2      | Reached skill level 3 in Spellcasting
  1236 | D:2      | Reached XP level 3. HP: 21/26 MP: 0/0
  1236 | D:2      | Learned a level 1 spell: Pain
  1303 | D:2      | Reached skill level 1 in Fighting
  1967 | D:3      | Found a faded altar of an unknown god.
  2369 | D:3      | Reached XP level 4. HP: 27/32 MP: 0/0
  3319 | D:4      | Found an opulent altar of Gozag.
  3322 | D:4      | Found a shadowy altar of Dithmenos.
  3336 | D:4      | Reached XP level 5. HP: 36/38 MP: 0/0
  3336 | D:4      | Learned a level 2 spell: Passwall
  3750 | D:4      | Noticed an ogre
  3751 | D:4      | Reached skill level 4 in Spellcasting
  3786 | D:4      | Killed an ogre
  3787 | D:4      | Reached XP level 6. HP: 40/43 MP: 0/0
  4158 | D:5      | Entered Level 5 of the Dungeon
  4244 | D:5      | Reached skill level 5 in Spellcasting
  4319 | D:5      | Reached XP level 7. HP: 44/49 MP: 0/0
  4319 | D:5      | Learned a level 3 spell: Frozen Ramparts
  4354 | D:5      | Found an iron altar of Okawaru.
  4826 | D:5      | Reached skill level 6 in Spellcasting
  4919 | D:5      | Reached XP level 8. HP: 39/56 MP: 0/0
  5536 | D:5      | Found a glowing silver altar of Zin.
  5537 | D:5      | Noticed an angel
  5718 | D:6      | Found Jiyfuerph's One-of-a-Kind Rings.
  5862 | D:6      | Found a staircase to the Ecumenical Temple.
  5871 | D:6      | Reached skill level 7 in Spellcasting
  5881 | Temple   | Entered the Ecumenical Temple
  6060 | Temple   | Became a worshipper of Makhleb the Destroyer
  6611 | D:6      | Noticed a yak
  6615 | D:6      | Noticed a yak
  6616 | D:6      | Killed a yak
  6617 | D:6      | Reached XP level 9. HP: 58/63 MP: 0/0
  6617 | D:6      | Learned a level 3 spell: Teleport Other
  6626 | D:6      | Reached skill level 5 in Fighting
  6626 | D:6      | Reached skill level 8 in Spellcasting
  6947 | D:7      | Noticed Pikel
  7446 | D:7      | Killed Pikel
  7447 | D:7      | Reached skill level 9 in Spellcasting
  7470 | D:7      | Noticed Menkaure
  7472 | D:7      | Killed Menkaure
  7473 | D:7      | Reached XP level 10. HP: 41/72 MP: 0/0
  7887 | D:7      | Reached * piety under Makhleb
  7932 | D:7      | Noticed Maggie
  7938 | D:7      | Killed Maggie
  8199 | D:7      | Found Axkidd's Armour Shoppe.
  8508 | D:8      | Reached skill level 10 in Spellcasting
  8986 | D:8      | Noticed an orange crystal statue
  8994 | D:8      | Killed an orange crystal statue
  9404 | D:8      | Noticed a komodo dragon
  9411 | D:8      | Killed a komodo dragon
  9603 | D:8      | Found a staircase to the Lair.
 10230 | D:9      | Reached ** piety under Makhleb
 10622 | D:9      | Noticed a kobold demonologist
 10626 | D:9      | Killed a kobold demonologist
 10744 | D:9      | Noticed a two-headed ogre
 10764 | D:9      | Killed a two-headed ogre
 10765 | D:9      | Reached skill level 11 in Spellcasting
 10765 | D:9      | Reached XP level 11. HP: 29/79 MP: 0/0
 10765 | D:9      | Learned a level 4 spell: Petrify
 11235 | D:9      | Noticed a cyclops
 11263 | D:9      | Killed a cyclops
 11836 | Lair:1   | Entered Level 1 of the Lair of Beasts
 11846 | Lair:1   | HP: 2/79 [yak (15)]
 11847 | Lair:1   | Mangled by a yak

Illustrated notes

Levels and vault maps discovered:
D:1:      dpeg_arrival_oval, layout_loops_ring
D:2:      layout_basic, serial_shops, nicolae_shop_hallway_stairs, basic_altar
D:3:      layout_loops_ring, shapermc_ecumenical_altar_flowoftime
D:4:      layout_basic, nicolae_overflow_squiral, minmay_vboxes
D:5:      layout_basic, okawaru_metal_pillars_3, zin_angel
D:6:      cheibrodos_helix_gallery, layout_loops_cross,
          minmay_temple_entry_slanted, nicolae_shop_unique_rings
D:7:      layout_cave_pools, serial_shops, shop_statue, serial_column_ruins,
          column_ruins_circle_medium, column_ruins_hut, column_ruins_grid_1,
          column_ruins_grid_1, column_ruins_columns_straight, uniq_pikel,
          uniq_maggie, uniq_menkaure
D:8:      layout_loops_corners, david_lair_shrubbed, corexii_checkpoint_b,
          minmay_statues_item, chequers_serial_rivers_large_a, disabler_island
D:9:      layout_loops_ring, minmay_strange_pillars,
          nicolae_straight_to_the_point
Temple:   mainiacjoe_temple_coin_purse
Lair:1:   statuecave_lemuel, layout_cave_pods, lemuel_fruit_fields

Skill      XL: |  1  2  3  4  5  6  7  8  9 10 |
---------------+-------------------------------+-----
Spellcasting   | 3 4 5 6 7 9 11 | 11.6
Fighting       | 1 2 3 4 5 7 |  7.5
Dodging        | |  2.2
Stealth        | |  1.6

Action                   |  1- 3 |  4- 6 |  7- 9 | 10-12 || total
-------------------------+-------+-------+-------+-------++-------
Melee: Unarmed           |       |     2 |       |       ||     2
 Cast: Shock             |    71 |    70 |   113 |    33 ||   287
       Static Discharge  |       |     7 |    37 |    16 ||    60
       Airstrike         |       |       |    14 |    92 ||   106
       Teleport Other    |       |       |     1 |     1 ||     2
       Frozen Ramparts   |       |       |     1 |       ||     1
       Swiftness         |       |       |       |     1 ||     1
       Petrify           |       |       |       |     1 ||     1
  Use: Potion            |       |       |       |     1 ||     1
Armor: Robe              |     5 |     3 |     5 |       ||    13
       Steam dragon scal |       |       |       |    11 ||    11
Dodge: Dodged            |     5 |    10 |    15 |    20 ||    50

Table legend: (Time is in decaauts)
 A = Elapsed time spent in this place.
 B = Non-inter-level travel time spent in this place.
 C = Inter-level travel time spent in this place.
 D = Time resting spent in this place.
 E = Time spent auto-exploring this place.
 F = Levels seen in this place.
 G = Mean time per level.
                   A        B        C        D        E       F      G
               +--------+--------+--------+--------+--------+-----+--------+
         Total |  11843 |  11560 |    283 |   2788 |   7810 |  11 | 1076.6 |
       Dungeon |  11644 |  11388 |    256 |   2788 |   7664 |   9 | 1293.8 |
        Temple |    188 |    162 |     26 |      0 |    146 |   1 |  188.0 |
          Lair |     10 |     10 |      0 |      0 |      0 |   1 |   10.0 |
               +--------+--------+--------+--------+--------+-----+--------+

Top non-repeatable levels by time:
     D:7: 1726 daAuts
     D:8: 1628 daAuts
     D:9: 1532 daAuts
     D:5: 1419 daAuts
     D:3: 1191 daAuts
     D:6: 1180 daAuts
     D:4: 1121 daAuts
     D:1: 1085 daAuts
     D:2: 758 daAuts
  Temple: 188 daAuts
  Lair:1: 10 daAuts
